 Dungeon Crawl Stone Soup version 0.30-a0-586-g23e55c9e0a (webtiles) character file.

Game seed: 5971330190687749245

14786 M4edhros the Nimble (level 12, -1/79 HPs)
             Began as an Octopode Artificer on Jan 3, 2023.
             Was an Elder of Cheibriados.
             Killed by divine providence
             ... invoked by an orc priest
              (15 damage)
             ... on level 1 of the Orcish Mines.
             The game lasted 00:27:39 (6843 turns).

M4edhros the Nimble (Octopode Artificer)            Turns: 6843, Time: 00:27:39

Health: -1/79      AC:  7    Str: 21      XL:     12   Next: 20%
Magic:  12/12      EV: 25    Int: 26      God:    Cheibriados [****..]
Gold:   468        SH:  5    Dex: 25 (28) Spells: 7/11 levels left

rFire   + . .      SeeInvis +      - Unarmed
rCold   x . .      Faith    .    (no shield)
rNeg    . . .      Spirit   .    F - +2 hat
rPois   .          Reflect  +    p - amulet of reflection
rElec   .          Harm     .    q - +4 ring of protection
rCorr   .          Rampage  .    y - ring of fire
Will    +....                    c - ring "Xoil" {Fly Dex+4 SInv}
Stlth   +++++                    x - ring of wizardry
HPRegen 0.33/turn                (no ring)
MPRegen 0.13/turn                (no ring)
                                 (no ring)
                                 (no ring)

@: flying, very slow
A: almost no armour, amphibious, 8 rings, camouflage 1, gelatinous body 1,
(nimble swimmer 1), tentacles, fangs 1, clever 1, strong-willed 1
a: Renounce Religion, Bend Time, Temporal Distortion, Slouch


You were on level 1 of the Orcish Mines.
You worshipped Cheibriados.
Cheibriados was greatly pleased with you.
You visited 3 branches of the dungeon, and saw 16 of its levels.
You also visited: Ossuary.

You collected 656 gold pieces.
You spent 188 gold pieces at shops.

Inventory:

Hand Weapons
 l - a +1 sling
Missiles
 d - 2 throwing nets
 C - 2 silver boomerangs
 E - 15 boomerangs
 G - 46 poisoned darts
 H - 5 curare-tipped darts
Armour
 F - a +2 hat (worn)
Magical Staves
 i - a staff of poison
Jewellery
 c - the ring "Xoil" (on tentacle) {Fly Dex+4 SInv}
   (You found it on level 7 of the Dungeon)

   [ring of flight]

   Dex:       It affects your dexterity (+4).
   SInv:      It lets you see invisible.
   Fly:       It grants you flight.
 k - an amulet of the acrobat
 p - an amulet of reflection (around mantle)
 q - a +4 ring of protection (left tentacle)
 x - a ring of wizardry (on tentacle)
 y - a ring of fire (right tentacle)
 I - an amulet of magic regeneration
Wands
 g - a wand of flame (13)
 o - a wand of digging (6)
Scrolls
 a - 3 scrolls of fog
 e - 2 scrolls of enchant armour
 f - 3 scrolls of amnesia
 h - 3 scrolls of immolation
 j - 2 scrolls of teleportation
 n - 4 scrolls of noise
 s - 3 scrolls of identify
 t - a scroll of poison
 v - a scroll of butterflies
 z - 2 scrolls of vulnerability
 A - 2 scrolls of blinking
 L - a scroll of fear
Potions
 m - 2 potions of might
 r - 2 potions of flight
 u - a potion of resistance
 w - 2 potions of attraction
Miscellaneous
 B - a box of beasts (inert)


   Skills:
 + Level 6.0 Fighting
 - Level 13.0 Dodging
 - Level 7.4 Stealth
 * Level 10.4 Unarmed Combat
 * Level 4.3 Transmutations
 * Level 4.4 Earth Magic
 * Level 0.7 Invocations
 - Level 6.6 Evocations


You had 7 spell levels left.
You knew the following spells:

 Your Spells              Type           Power      Damage    Failure   Level
a - Petrify               Tmut/Erth      22%        N/A       9%          4

Your spell library contained the following spells:

 Spells                   Type           Power      Damage    Failure   Level
 Passwall                 Tmut/Erth      18%        N/A       1%          2
 Freeze                   Ice            0%         1d3       5%          1
 Ensorcelled Hibernation  Hex/Ice        0%         N/A       8%          2
 Sublimation of Blood     Necr           0%         N/A       8%          2
 Frozen Ramparts          Ice            0%         1d1       16%         3
 Hailstorm                Conj/Ice       0%         3d3       16%         3
 Swiftness                Air            0%         N/A       16%         3
 Vhi's Electric Charge    Tloc/Air       0%         N/A       16%         3
 Manifold Assault         Tloc           0%         N/A       43%         4
 Irradiate                Conj/Tmut      5%         3d13      47%         5
 Arcjolt                  Conj/Air       0%         1d10      77%         5
 Dispersal                Tloc           0%         N/A       99%         6
 Disjunction              Tloc           0%         N/A       100%        8
 Maxwell's Capacitive Co  Air            0%         ∞         100%        8


Dungeon Overview and Level Annotations

Branches:
Dungeon (13/15)            Temple (1/1) D:5            Lair (0/5) D:8
    Orc (2/2) D:11        Ossuary (visited)
    Elf: Orc:2       Vaults: D:13-14

Altars:
Ashenzari
Cheibriados
Dithmenos
Elyvilon
Fedhas
Gozag
Hepliaklqana
Kikubaaqudgha
Makhleb
Nemelex Xobeh
Okawaru
Qazlal
Ru
Sif Muna
Trog
Uskayaw
Vehumet
Wu Jian
Xom
Yredelemnul
Zin
The Shining One

Shops:
D:5 *   D:11 ?

Annotations:
D:5 1 runed translucent door, fly's ghost, weakling DgDe


Innate Abilities, Weirdness & Mutations

You cannot wear most types of armour.
You are amphibious.
You can wear up to eight rings at the same time.
Your skin changes colour to match your surroundings (Stealth+).
Your rubbery body absorbs attacks. (AC +1, EV +1)
((You are camouflaged when in or above water. (Stealth+)))
You have tentacles for arms and can constrict up to eight enemies at once.
You have very sharp teeth.
Your mind is acute. (Int +4, Str/Dex -1)
You are strong-willed. (Will+)


Message History

You constrict the orc warrior.
Your juvenile oxshock beast hits the orc!
The orc dies!
Cheibriados thoroughly appreciates the change of pace.
The ogre misses you. The orc priest completely misses you.
The orc priest miscasts a cantrip.
The orc hits your juvenile oxshock beast but does no damage. x2
The orc warrior misses you. The orc completely misses you.
The orc warrior closely misses you. You block the orc's attack.
Activating: Slouch (58% risk of failure)
Press: ? - help, Dir - look around, f - activate Really Slouch near your juvenile oxshock beast?
You fail to use your ability.
You constrict the orc warrior, but do no damage.
Your juvenile oxshock beast hits the orc!
The orc dies!
Cheibriados appreciates the change of pace.
The ogre closely misses you. The orc misses you.
You block the orc priest's attack.
The orc warrior hits you with a +0 scimitar!
* * * LOW HITPOINT WARNING * * *
The orc completely misses you. The orc warrior completely misses you.
The orc knight unwields a +0 long sword.
The orc knight wields a +0 arbalest.
The orc knight shoots a bolt.
The bolt barely misses your juvenile oxshock beast.
You reflect the bolt off an invisible shield around you!
The bolt closely misses your juvenile oxshock beast.
The bolt hits the orc knight but does no damage.
Really renounce your faith, foregoing its fabulous benefits?
Okay, then.
Blink to where?
Press: ? - help, Dir - move target You lose your grip on the orc warrior.
An ogre comes into view. It is wielding a +0 giant spiked club.
As you read the scroll of blinking, it crumbles to dust.
Something hits your juvenile oxshock beast.
Something barely misses your juvenile oxshock beast.
The orc priest mumbles some strange prayers to Beogh against you.
Beogh smites you!
You die...

.###.# .#.#.### #
.. .).)...#.. ##.
.## ........... ..
.... .....#.#...
#.### .....
#......# .
...##.....
........# .........
..........
#O.......
..........
#@...........
..........
#...........#
........##
......o.........###
.....#.##
O..................
......##
#.................
......#
.##.....o..O.......
.#.#.##
..........oOo).....
######
.#....o..ooH...o...
.Oo..^....ooo).....


You could see a two-headed ogre, an orc warrior (ally target), 2 ogres, an orc
priest, an orc wizard (invisible), 4 orcs and a friendly juvenile oxshock beast
(summoned).

Vanquished Creatures
  2 two-headed ogres
  A deep elf pyromancer (D:12)
  An ugly thing (D:12)
  A cyclops (D:11)
  2 manticores
  Joseph (D:8)
  A komodo dragon (D:12)
  A kobold demonologist (D:12)
  3 trolls
  A hornet (D:10)
  Prince Ribbit (D:8)
  A slime creature (D:12)
  A shadow (D:8)
  3 wraiths
  2 vampires
  3 wyverns
  2 steam dragons
  A golden eye (shapeshifter) (D:13)
  An ice beast (D:5)
  12 orc warriors
  2 black bears
  6 ogres
  6 centaurs
  3 phantoms
  9 kobold brigands
  A necrophage (D:7)
  5 scorpions
  8 killer bees
  3 hounds
  10 orc priests
  3 centaur zombies (Ossuary)
  5 iguanas
  17 orc wizards
  6 mummies (Ossuary)
  Robin (D:2)
  5 adders
  2 gnolls (D:5)
  A shadow imp (D:8)
  A white imp (D:6)
  An ufetubus (D:6)
  4 worms
  2 dart slugs
  36 orcs
  6 ball pythons
  7 endoplasms
  4 giant cockroaches
  11 goblins
  9 hobgoblins
  5 jackals (D:3)
  3 quokkas
  2 bats (D:1)
  4 frilled lizards
  3 hobgoblin zombies (Ossuary)
  23 kobolds
  9 rats (D:1)
264 creatures vanquished.

Vanquished Creatures (collateral kills)
  A scorpion (D:5)
  An iguana (D:5)
  3 gnolls (D:5)
  An adder (D:3)
  2 orcs (Orc:1)
  A giant cockroach (D:3)
  A quokka (D:4)
10 creatures vanquished.

Vanquished Creatures (others)
  A gnoll sergeant (D:5)
  A centaur zombie (Ossuary)
  An orc (D:7)
  A kobold (D:7)
  17 fungi (D:8)
  A plant (D:3)
22 creatures vanquished.

Grand Total: 296 creatures vanquished

Notes
Turn   | Place    | Note
-------+----------+-------------------------------------------
     0 | D:1      | M4edhros the Octopode Artificer began the quest for the
                  | Orb.
     0 | D:1      | Reached XP level 1. HP: 13/13 MP: 1/1
   109 | D:1      | Reached XP level 2. HP: 18/18 MP: 2/2
   206 | D:1      | Reached skill level 1 in Unarmed Combat
   264 | D:2      | Reached XP level 3. HP: 23/23 MP: 3/3
   389 | D:4      | Noticed a scorpion
   399 | D:4      | Killed a scorpion
   400 | D:4      | Reached XP level 4. HP: 13/29 MP: 4/4
   443 | D:4      | Noticed a scorpion
   453 | D:4      | Killed a scorpion
   454 | D:4      | Reached skill level 3 in Dodging
   454 | D:4      | Reached XP level 5. HP: 14/34 MP: 5/5
   493 | D:4      | Noticed a black bear
   502 | D:4      | Killed a black bear
   503 | D:4      | Reached XP level 6. HP: 6/41 MP: 6/6
   687 | D:4      | Found a shimmering blue altar of Sif Muna.
   747 | D:5      | Entered Level 5 of the Dungeon
   828 | D:5      | Found a staircase to the Ecumenical Temple.
   828 | D:5      | Noticed a black bear
   841 | D:5      | Found Sudacluv's Assorted Antiques.
   849 | D:5      | Killed a black bear
   850 | D:5      | Reached XP level 7. HP: 33/45 MP: 7/7
   852 | Temple   | Entered the Ecumenical Temple
  1121 | D:5      | Found a runed translucent door.
  1121 | D:5      | Noticed fly's ghost (weakling DgDe)
  1129 | D:5      | Found a sand-covered staircase.
  1172 | Ossuary  | Entered an ossuary
  1187 | Ossuary  | Reached skill level 4 in Dodging
  1199 | Ossuary  | Reached skill level 5 in Evocations
  1205 | Ossuary  | Reached skill level 5 in Stealth
  1228 | Ossuary  | Reached XP level 8. HP: 48/52 MP: 8/8
  1321 | D:5      | Reached skill level 5 in Unarmed Combat
  1713 | D:2      | Noticed Robin
  1748 | D:2      | Killed Robin
  2363 | D:4      | You fall into a shaft and drop 3 floors!
  2738 | D:4      | Found a shadowy altar of Dithmenos.
  3251 | D:6      | Reached XP level 9. HP: 42/59 MP: 9/9
  3345 | D:6      | Reached skill level 5 in Dodging
  3440 | D:6      | Gained mutation: Your mind is acute. (Int +4, Str/Dex -1)
                  | [potion of mutation]
  3440 | D:6      | Gained mutation: You have hidden genetic potential. [potion
                  | of mutation]
  3441 | D:6      | Lost mutation: Your mind is acute. (Int +4, Str/Dex -1)
                  | [potion of mutation]
  3441 | D:6      | Lost mutation: You have hidden genetic potential. [potion
                  | of mutation]
  3441 | D:6      | Gained mutation: You have a pair of small antennae on your
                  | head. [potion of mutation]
  3441 | D:6      | Gained mutation: Your body sometimes deteriorates upon
                  | taking damage. [potion of mutation]
  3556 | D:7      | Identified the ring "Xoil" {Fly Dex+4 SInv}
  3578 | D:7      | Found a snail-covered altar of Cheibriados.
  3578 | D:7      | Found a stormy altar of Qazlal.
  3606 | D:7      | Became a worshipper of Cheibriados the Contemplative
  3684 | D:8      | Noticed Joseph
  3708 | D:8      | Killed Joseph
  3709 | D:8      | Reached skill level 5 in Fighting
  3718 | D:8      | Reached skill level 12 in Dodging
  3718 | D:8      | Reached XP level 10. HP: 57/66 MP: 10/10
  3803 | D:8      | Found a staircase to the Lair.
  3902 | D:9      | Found an ornate altar of the Wu Jian Council.
  4118 | D:9      | Found a broken altar of Ashenzari.
  4293 | D:10     | Entered Level 10 of the Dungeon
  4294 | D:10     | Noticed a two-headed ogre
  4418 | D:8      | Reached * piety under Cheibriados
  4483 | D:8      | Noticed Prince Ribbit
  4486 | D:8      | Killed Prince Ribbit
  4520 | D:8      | Found a sacrificial altar of Ru.
  4625 | D:8      | Found a radiant altar of Vehumet.
  4643 | D:8      | Reached XP level 11. HP: 63/71 MP: 11/11
  4842 | D:10     | Found an iron altar of Okawaru.
  4853 | D:10     | Killed a two-headed ogre
  4990 | D:11     | Reached ** piety under Cheibriados
  5343 | D:12     | Reached skill level 13 in Dodging
  5348 | D:12     | Learned a level 4 spell: Petrify
  5396 | D:12     | Reached skill level 1 in Transmutations
  5396 | D:12     | Reached skill level 1 in Earth Magic
  5476 | D:12     | Noticed a manticore
  5487 | D:12     | Killed a manticore
  5492 | D:12     | Noticed a deep elf pyromancer
  5502 | D:12     | Killed a deep elf pyromancer
  5568 | D:13     | Noticed a catoblepas
  5591 | D:12     | Noticed a green ugly thing
  5635 | D:12     | Noticed a skeletal warrior
  5696 | D:12     | Killed a green ugly thing
  5708 | D:11     | HP: 3/72 [poisoned by a green ugly thing]
  6109 | D:10     | Reached skill level 10 in Unarmed Combat
  6112 | D:10     | Reached *** piety under Cheibriados
  6404 | D:11     | Noticed a manticore
  6412 | D:11     | Killed a manticore
  6450 | D:11     | Noticed a cyclops
  6468 | D:11     | Killed a cyclops
  6504 | D:11     | Found Fojuet's Magic Scroll Emporium.
  6507 | D:11     | Bought a scroll of fear for 52 gold pieces
  6507 | D:11     | Bought a scroll of teleportation for 39 gold pieces
  6507 | D:11     | Bought a scroll of blinking for 97 gold pieces
  6540 | D:11     | Noticed a two-headed ogre
  6555 | D:11     | Reached XP level 12. HP: 32/78 MP: 5/12
  6555 | D:11     | Killed a two-headed ogre
  6619 | D:11     | Lost mutation: You have a pair of small antennae on your
                  | head. [potion of mutation]
  6619 | D:11     | Lost mutation: Your body sometimes deteriorates upon taking
                  | damage. [potion of mutation]
  6619 | D:11     | Gained mutation: Your mind is acute. (Int +4, Str/Dex -1)
                  | [potion of mutation]
  6619 | D:11     | Gained mutation: You are strong-willed. (Will+) [potion of
                  | mutation]
  6619 | D:11     | Gained mutation: You have very sharp teeth. [potion of
                  | mutation]
  6628 | D:11     | Found a staircase to the Orcish Mines.
  6640 | Orc:1    | Entered Level 1 of the Orcish Mines
  6672 | Orc:1    | Reached **** piety under Cheibriados
  6803 | Orc:2    | Entered Level 2 of the Orcish Mines
  6835 | Orc:1    | Noticed a two-headed ogre
  6843 | Orc:1    | Killed from afar by an orc priest

Illustrated notes

Levels and vault maps discovered:
D:1:      minmay_arrival_doors, layout_rooms, minmay_rat_gold_closets
D:2:      minmay_evil_eye, layout_basic, minmay_misc_feat_rugged, uniq_robin
D:3:      cheibrodos_old_hovel, layout_basic, serial_shops, shop, shop_statue,
          shop_statue, grunt_decor_cap, st_stairs_7, minmay_bisected
D:4:      layout_loops_ring, kennysheep_mini, nicolae_sif_muna_condensation
D:5:      layout_loops_ring, minmay_temple_entry_large_hall,
          ebering_ghost_reflecting_pool, serial_shops, shop, enter_ossuary_1
D:6:      minmay_chambers_of_sixes, layout_basic
D:7:      layout_layer_cave, grunt_temple_overflow_open
D:8:      layout_loops_cross, nicolae_ru_great_annihilating_truth,
          mainiacjoe_overflow_small_starburst, dpeg_oklobed_lair,
          dreamdust_mushroom_princess, uniq_prince_ribbit1, uniq_joseph
D:9:      layout_long_grid, mainiacjoe_overflow_concentric_impassable,
          nicolae_wu_jian_wuxing_cycle, nicolae_eternal_life
D:10:     layout_gridville, lemuel_doored_altar
D:11:     layout_basic, david_orc_4, serial_glass, glass_columns_c,
          glass_columns_a, glass_columns_b, glass_columns_c, glass_columns_a,
          glass_columns_a, serial_shops, kennysheep_mini_moat, special_room
          [special_room_orc], gauntlet_entry_generic, minmay_misc_feat_cross
D:12:     layout_cave_pods, feat_on_display
D:13:     layout_cave_pools, grunt_vaults_entry_fortified, serial_undead,
          serial_undead_e, serial_undead_a, serial_undead_f, serial_undead_f,
          serial_undead_e, serial_undead_c, serial_undead_c, serial_undead_e,
          serial_undead_e, serial_undead_f, kennysheep_slug_shrine
Temple:   nicolae_temple_god_jail
Orc:1:    layout_caves
Orc:2:    pf_orc_diabolical, layout_caves, gammafunk_ghost_wrathful_warriors,
          uniq_maurice

Skill      XL: |  1  2  3  4  5  6  7  8  9 10 11 12 |
---------------+-------------------------------------+-----
Unarmed Combat | 1 2 3 4 6 7 8 10 | 10.4
Stealth        | 2 3 4 5 6 7 |  7.4
Fighting       | 2 3 4 5 6 |  6.0
Dodging        | 3 4 12 13 | 13.0
Evocations     | 4 5 6 |  6.6
Transmutations | 3 4 |  4.3
Earth Magic    | 3 4 |  4.4
Invocations    | |  0.7

Action                   |  1- 3 |  4- 6 |  7- 9 | 10-12 || total
-------------------------+-------+-------+-------+-------++-------
Melee: Unarmed           |    60 |    39 |   278 |   412 ||   789
       Constrict         |    18 |     9 |    56 |    63 ||   146
       Tentacles         |    19 |     9 |    82 |   109 ||   219
       Punch             |     3 |     3 |    15 |    32 ||    53
       Bite              |       |       |       |    13 ||    13
 Cast: Petrify           |       |       |       |     3 ||     3
Evoke: Wand              |     9 |    17 |    12 |    16 ||    54
       Box of beasts     |       |       |       |     1 ||     1
  Use: Potion            |       |     1 |    16 |     8 ||    25
       Scroll            |       |       |    12 |     7 ||    19
 Stab: Sleeping          |     8 |     2 |    19 |     9 ||    38
       Distracted        |       |       |     1 |     1 ||     2
       Petrified         |       |       |       |     2 ||     2
Armor: Skin              |     8 |       |    62 |    66 ||   136
Dodge: Dodged            |    58 |    23 |   148 |   425 ||   654
Block: Other             |       |       |    44 |   106 ||   150
       Reflection        |       |       |     3 |     4 ||     7

Table legend: (Time is in decaauts)
 A = Elapsed time spent in this place.
 B = Non-inter-level travel time spent in this place.
 C = Inter-level travel time spent in this place.
 D = Time resting spent in this place.
 E = Time spent auto-exploring this place.
 F = Levels seen in this place.
 G = Mean time per level.
                   A        B        C        D        E       F      G
               +--------+--------+--------+--------+--------+-----+--------+
         Total |   7731 |   7227 |    504 |    158 |   2904 |  17 |  454.8 |
       Dungeon |   7311 |   6820 |    491 |    158 |   2900 |  13 |  562.4 |
        Temple |     52 |     39 |     13 |      0 |      4 |   1 |   52.0 |
  Orcish Mines |    246 |    246 |      0 |      0 |      0 |   2 |  123.0 |
       Ossuary |    120 |    120 |      0 |      0 |      0 |   1 |  120.0 |
               +--------+--------+--------+--------+--------+-----+--------+

Top non-repeatable levels by time:
    D:11: 1172 daAuts
    D:10: 967 daAuts
     D:8: 689 daAuts
     D:5: 685 daAuts
     D:4: 662 daAuts
     D:9: 525 daAuts
    D:12: 506 daAuts
     D:6: 487 daAuts
     D:1: 477 daAuts
     D:3: 453 daAuts
     D:2: 393 daAuts
     D:7: 285 daAuts
   Orc:1: 208 daAuts
 Ossuary: 120 daAuts
  Temple: 52 daAuts
